AoeStats
← gnitaek

Nomad

509698645Analyzed
2v2 RM · 5d ago on Sep 27, 2026· 49m 59s· 4 players
Game mode
Random Map
Map size
176×176
Population
200
Speed
Normal
Resources
Standard
Victory
Conquest
Starting age
Dark Age
Ending age
Imperial Age
RankedLock teamsTeams togetherTeam positionsShared explorationLock speedFull tech treeHidden civsTurbo modeCheats
Victory
Defeat
🇮🇪 Koreans · Ireland
1232
+16
🇮🇪 Varangians · Ireland
1230
+16
🇧🇷 Hindustanis · Brazil
1234
-16
🇧🇷 Armenians · Brazil
1233
-16
gnitaek
4:53 Loom
13:31 Feudal Age
13:49 Man-at-Arms
15:41 Horse Collar
15:47 Double-Bit Axe
17:33 Fishing Lines
19:46 Wheelbarrow
22:01 Castle Age
20:04 Scale Mail Armor
21:44 Scale Barding Armor
21:49 Forging
22:16 Bloodlines
23:48 Bow Saw
24:56 Chain Barding Armor
31:41 Hand Cart
31:38 Gillnets
32:24 Fletching
32:35 Husbandry
33:38 Heavy Plow
36:55 Town Watch
37:56 Ballistics
40:09 Imperial Age
38:58 Vendel Legacy
40:18 Cavalier
41:40 Plate Barding Armor
41:53 Conscription
42:14 Iron Casting
45:23 Capped Ram
47:37 Squires
47:43 Bodkin Arrow
48:57 Masonry
48:25 Siege Ram
berserker-latko
3:39 Loom
12:29 Feudal Age
17:17 Fletching
26:18 Castle Age
25:35 Fishing Lines
26:40 Elite Skirmisher
27:17 Bodkin Arrow
28:22 Double-Bit Axe
35:45 Bow Saw
37:10 Wheelbarrow
37:42 Ballistics
41:08 Imperial Age
41:52 Bracer
43:34 Chemistry
43:37 Siege Engineers
47:46 Elite War Wagon
48:49 Pikeman
48:57 Elite Fire Lancer
Picous
4:33 Loom
12:35 Feudal Age
13:05 Town Watch
13:34 Double-Bit Axe
15:39 Gold Mining
17:39 Fletching
18:10 Horse Collar
20:05 Wheelbarrow
24:04 Castle Age
23:10 Man-at-Arms
24:03 Padded Archer Armor
24:47 Scale Mail Armor
24:16 Crossbowman
25:00 Bodkin Arrow
26:19 Long Swordsman
31:24 Two-Handed Swordsman
32:05 Squires
32:08 Scale Mail Armor
32:42 Forging
33:31 Bow Saw
37:00 Hand Cart
39:44 Imperial Age
40:13 Arbalester
41:00 Bracer
42:02 Chemistry
41:29 Ballistics
41:20 Masonry
41:40 Champion
42:07 Arson
46:15 Conscription
Drico
4:58 Loom
12:55 Feudal Age
20:06 Castle Age
29:21 Scale Mail Armor
32:41 Double-Bit Axe
35:09 Chain Mail Armor
35:37 Forging
39:00 Iron Casting
43:59 Imperial Age
43:44 Scale Barding Armor
44:53 Chain Barding Armor
46:04 Town Watch
47:43 Bloodlines
Connection lost

Rejoining the realm…

Still unreachable

The connection could not be restored.

Session expired

The server has moved on; the page needs a fresh start.